 Dungeon Crawl Stone Soup version 0.28.0-47-ge53b351184 (webtiles) character file.

Game seed: 10809869773892883376

73 Iusername the Shield-Bearer (level 4, 0/35 HPs)
             Began as a Human Fighter on May 2, 2022.
             Killed by divine providence
             ... invoked by an orc priest
              (8 damage)
             ... on level 3 of the Dungeon.
             The game lasted 00:02:00 (2502 turns).

Iusername the Shield-Bearer (Human Fighter)         Turns: 2502, Time: 00:02:01

Health: 0/35       AC:  6    Str: 16    XL:     4   Next: 51%
Magic:  4/4        EV:  9    Int: 10    God:
Gold:   164        SH:  5    Dex: 13    Spells: 3/3 levels left

rFire   . . .      SeeInvis .   a - +0 long sword
rCold   . . .      Faith    .   c - +0 buckler
rNeg    . . .      Spirit   .   b - +0 scale mail
rPois   .          Reflect  .   (no helmet)
rElec   .          Harm     .   (no cloak)
rCorr   .          Rampage  .   (no gloves)
Will    .....                   (no boots)
Stlth   ..........              (no amulet)
HPRegen 0.11/turn               (no ring)
MPRegen 0.09/turn               (no ring)

@: mighty
A: no striking features
a: no special abilities


You were on level 3 of the Dungeon.
You visited 1 branch of the dungeon, and saw 3 of its levels.

You collected 164 gold pieces.

Inventory:

Hand Weapons
 a - a +0 long sword (weapon)
Armour
 b - a +0 scale mail (worn)
 c - a +0 buckler (worn)
Jewellery
 k - an amulet of magic regeneration
Scrolls
 f - 2 scrolls of identify {unknown}
 h - 2 scrolls of teleportation {unknown}
 i - a scroll of magic mapping {unknown}
 l - a scroll of fear {unknown}
 n - a scroll of brand weapon {unknown}
 o - a scroll of enchant armour {unknown}
Potions
 d - a potion of might
 e - a potion of invisibility {unknown}
 g - a potion of curing {unknown}
 j - a potion of mutation {unknown}
 m - a potion of heal wounds {unknown}


   Skills:
 + Level 3.2 Fighting
 + Level 3.1 Long Blades
 + Level 3.3 Armour
 + Level 0.4 Dodging
 + Level 3.6 Shields


You had 3 spell levels left.
You didn't know any spells.
Your spell library contained the following spells:

 Spells                   Type           Power      Damage    Failure   Level
 Shock                    Conj/Air       0%         1d3       87%         1
 Sublimation of Blood     Necr           0%         N/A       95%         2
 Gell's Gravitas          Tloc           0%         N/A       99%         3
 Swiftness                Air            0%         N/A       99%         3
 Teleport Other           Tloc           0%         N/A       99%         3
 Airstrike                Air            0%         N/A       100%        4
 Petrify                  Tmut/Erth      0%         N/A       100%        4
 Irradiate                Conj/Tmut      0%         3d14      100%        5
 Dispersal                Tloc           0%         N/A       100%        6


Dungeon Overview and Level Annotations

Branches:
Dungeon (3/15)

Altars:


Message History

There are monsters nearby!
The orc shouts!
You hit the orc priest but do no damage.
The orc priest calls down the wrath of Beogh upon you.
Beogh smites you!
There are monsters nearby!
You completely miss the orc. The orc barely misses you.
There are monsters nearby!
You slash the orc!
You kill the orc!
The orc priest invokes the aid of Beogh against you.
Pain shoots through your body!
There are monsters nearby!
An orc wizard comes into view. It is wielding a +0 dagger.
The orc priest calls down the wrath of Beogh upon you.
You barely resist.
Things that are here:
a +0 hand axe; a +0 ring mail; an orc corpse
There are monsters nearby!
You hit the orc priest.
The orc priest is moderately wounded.
The orc priest invokes the aid of Beogh against you.
Pain shoots through your body!
* * * LOW HITPOINT WARNING * * *
There are monsters nearby!
You are too injured to fight recklessly!
There are monsters nearby!
You are too injured to fight recklessly!
There are monsters nearby!
You are too injured to fight recklessly!
There are monsters nearby!
You are too injured to fight recklessly!
There are monsters nearby!
You feel very mighty all of a sudden. You block the orc priest's attack.
You barely miss the orc priest.
The orc priest is moderately wounded.
The orc priest calls down the wrath of Beogh upon you.
Beogh smites you!
You die...

..# #.#
#######.#..........
..## #.# ####.#.#.#
#..# #.# #........#
##.###.#
#....###.####.#
##..##.#
#######.......#
....##.#
oo##..######
.....#.# #o#...#
.....#.# #o#..###
.......# #@#....#
....#..# #.#..#.#
#####..# #....#.#
#.># +......# ####
########


You could see an orc priest, an orc wizard and 2 orcs.

Vanquished Creatures
  2 adders
  3 worms
  A dart slug (D:1)
  3 orcs (D:3)
  3 ball pythons
  An endoplasm (D:1)
  A giant cockroach (D:3)
  2 goblins (D:1)
  3 hobgoblins
  7 jackals
  2 quokkas
  2 bats
  A frilled lizard (D:3)
  4 kobolds
  3 rats
38 creatures vanquished.

Notes
Turn   | Place    | Note
-------+----------+-------------------------------------------
     0 | D:1      | Iusername the Human Fighter began the quest for the Orb.
     0 | D:1      | Reached XP level 1. HP: 18/18 MP: 1/1
   141 | D:1      | Reached XP level 2. HP: 24/24 MP: 2/2
   898 | D:2      | Reached XP level 3. HP: 29/29 MP: 3/3
  1607 | D:2      | Found a faded altar of an unknown god.
  1915 | D:3      | Reached XP level 4. HP: 32/35 MP: 4/4
  2502 | D:3      | Killed from afar by an orc priest

Illustrated notes

Levels and vault maps discovered:
D:1:      minmay_arrival_three_doors, layout_loops_cross
D:2:      layout_rooms, shapermc_ecumenical_altar_acropolis
D:3:      layout_basic

Skill      XL: |  1  2  3 |
---------------+----------+-----
Long Blades    | 3 |  3.1
Fighting       | |  3.2
Armour         | |  3.3
Dodging        | |  0.4
Shields        | |  3.6

Action                   |  1- 3 |  4- 6 || total
-------------------------+-------+-------++-------
Melee: Long sword        |    77 |    42 ||   119
  Use: Potion            |       |     1 ||     1
Armor: Scale mail        |    27 |    26 ||    53
Dodge: Dodged            |    36 |    23 ||    59
Block: Buckler           |    14 |    19 ||    33
